 Dungeon Crawl Stone Soup version 0.24.0-123-gd5b16e6ec5 (webtiles) character file.

Game seed: 18244635260346945010, levelgen mode: deterministic

4321 FishyPogo the Blocker (level 10, -2/82 HPs)
             Began as a Gnoll Fighter on Jan 19, 2020.
             Was a Priest of Trog.
             Slain by an ice beast (14 damage)
             ... on level 9 of the Dungeon.
             The game lasted 00:23:42 (7598 turns).

FishyPogo the Blocker (Gnoll Fighter)               Turns: 7598, Time: 00:23:42

Health: -2/82      AC: 10    Str: 21    XL:     10   Next: 33%
Magic:  17/17      EV: 13    Int: 11    God:    Trog [***...]
Gold:   510        SH: 11    Dex: 15    Spells: 19/19 levels left

rFire    . . .     SeeInvis +   a - +1 hand axe (vamp)
rCold    . . .     Gourm    .   c - +0 shield
rNeg     . . .     Faith    .   A - +0 leather armour (curse)
rPois    .         Spirit   .   H - +0 helmet
rElec    .         Reflect  .   G - +0 cloak
rCorr    .         Harm     .   L - +0 pair of gloves
MR       .....                  p - +1 pair of boots
Stlth    ++++......             (no amulet)
HPRegen  0.23/turn              D - ring of stealth
MPRegen  0.15/turn              M - ring of see invisible

@: no status effects
A: distributed training, fangs 1, strong nose
a: Berserk, Trog's Hand, Renounce Religion


You were on level 9 of the Dungeon.
You worshipped Trog.
Trog was most pleased with you.
You were not hungry.

You visited 1 branch of the dungeon, and saw 9 of its levels.
You also visited: Sewer.

You collected 522 gold pieces.
You spent 12 gold pieces at shops.

Inventory:

Hand Weapons
 a - a +1 vampiric hand axe (weapon)
 b - a +0 hand axe of flaming
Missiles
 l - 471 stones
 q - 11 boomerangs
 r - 16 poisoned darts (quivered)
 s - 2 silver javelins
 C - 2 throwing nets
Armour
 c - a +0 shield (worn)
 p - a +1 pair of boots (worn)
 u - a +0 scale mail
 A - a cursed +0 leather armour (worn)
 G - a +0 cloak (worn)
 H - a +0 helmet (worn)
 L - a +0 pair of gloves (worn)
Jewellery
 x - an uncursed ring of positive energy
 y - a +3 ring of dexterity
 D - a ring of stealth (left hand)
 M - a ring of see invisible (right hand)
Wands
 t - a wand of acid (6)
 I - a wand of flame (27)
Scrolls
 e - 13 scrolls of identify
 i - 3 scrolls of magic mapping
 j - 2 scrolls of enchant weapon {unknown}
 k - a scroll of fog {unknown}
 m - 5 scrolls of teleportation
 n - a scroll of summoning {unknown}
 w - 3 scrolls of remove curse {unknown}
 B - a scroll of enchant armour {unknown}
 E - a scroll of immolation {unknown}
 J - a scroll of fear {unknown}
 N - 2 scrolls of blinking {unknown}
 O - a scroll of amnesia {unknown}
 Q - a scroll of random uselessness {unknown}
Potions
 d - 6 potions of might
 g - 4 potions of heal wounds {unknown}
 h - 4 potions of curing
 o - 5 potions of brilliance {unknown}
 v - a potion of lignification {unknown}
 z - a potion of agility {unknown}
 F - a potion of resistance {unknown}
 K - a potion of berserk rage {unknown}
 P - a potion of ambrosia {unknown}
 R - a potion of degeneration
Comestibles
 f - 17 rations


   Skills:
 + Level 8.4 Fighting
 + Level 5.1 Short Blades
 + Level 5.1 Long Blades
 + Level 6.9 Axes
 + Level 5.1 Maces & Flails
 + Level 5.1 Polearms
 + Level 5.1 Staves
 + Level 5.1 Slings
 + Level 5.1 Bows
 + Level 5.1 Crossbows
 + Level 5.1 Throwing
 + Level 8.4 Armour
 + Level 5.1 Dodging
 + Level 5.1 Stealth
 + Level 8.4 Shields
 + Level 5.1 Unarmed Combat
 + Level 5.1 Spellcasting
 + Level 4.2 Conjurations
 + Level 4.2 Hexes
 + Level 4.2 Charms
 + Level 4.2 Summonings
 + Level 4.2 Necromancy
 + Level 4.2 Translocations
 + Level 4.2 Transmutations
 + Level 4.2 Fire Magic
 + Level 4.2 Ice Magic
 + Level 4.2 Air Magic
 + Level 4.2 Earth Magic
 + Level 4.2 Poison Magic
 + Level 5.6 Invocations
 + Level 5.1 Evocations


You had 19 spell levels left.
You didn't know any spells.
Your spell library was empty.

Dungeon Overview and Level Annotations

Branches:
Dungeon (9/15)             Temple (0/1) D:5            Lair (0/6) D:9
  Sewer (visited)
    Orc: D:9-12

Altars:
Ashenzari
Elyvilon
Gozag
Kikubaaqudgha
Okawaru
Qazlal
Trog
Uskayaw
Vehumet
Yredelemnul

Shops:
D:5 :   D:6 !

Annotations:
D:6 1 runed translucent door, Jynx's ghost, novice MiFi
D:9 Prince Ribbit


Innate Abilities, Weirdness & Mutations

Your experience applies equally to all skills.
You have very sharp teeth.
Your uncanny sense of smell can sniff out nearby items.


Message History

The ice beast barely misses you.
You closely miss the ice beast.
The ice beast is heavily wounded.
The ice beast hits you. The ice beast freezes you.
* * * LOW HITPOINT WARNING * * *
You closely miss the ice beast.
The ice beast is heavily wounded.
You block the ice beast's attack.
You hit the ice beast.
You feel better.
The ice beast is heavily wounded.
The ice beast hits you.
* * * LOW HITPOINT WARNING * * *
The ice beast freezes you.
* * * LOW HITPOINT WARNING * * *
You closely miss the ice beast. Your bite misses the ice beast.
The ice beast is heavily wounded.
The ice beast hits you.
* * * LOW HITPOINT WARNING * * *
The ice beast freezes you!
You die...

∆ ∆ #+# #.# #.# #
####### #.#
#.###.....###>####
#.Y@.............###
......###.....##.......#
..... #..............#
.... #..............#
... ##.............# ..
#######.....†<# .
#............
#.########### #.#### ##


You could see an ice beast.

Vanquished Creatures
  Pikel (D:5)
  Grum (D:8)
  5 ice beasts
  2 sky beasts
  4 slaves (D:5)
  An orc warrior (D:7)
  3 phantoms
  3 centaurs
  3 ogres
  2 wolves (D:8)
  Blork the orc (D:4)
  5 big kobolds (Sewer)
  3 bullfrogs (D:6)
  A gnoll sergeant (D:7)
  A scorpion (D:5)
  A killer bee (D:6)
  A bullfrog zombie (D:6)
  5 crimson imps
  3 howler monkeys (D:8)
  A centaur skeleton (D:8)
  3 hounds
  Crazy Yiuf (D:2)
  An orc priest (D:3)
  A jelly (D:7)
  A bullfrog skeleton (D:5)
  An iguana (D:4)
  Terence (D:3)
  Natasha (thrice) (D:3)
  2 orc wizards
  4 worker ants
  A killer bee zombie (D:7)
  2 hound zombies
  A hound skeleton (D:5)
  A howler monkey zombie (D:8)
  A worker ant zombie (D:3)
  Robin (D:3)
  5 gnolls (D:7)
  11 adders
  4 river rats (Sewer)
  7 oozes
  5 worms
  2 dart slugs (D:1)
  6 leopard geckos
  18 orcs
  6 ball pythons
  7 bats
  9 giant cockroaches
  11 goblins
  11 hobgoblins
  21 jackals
  3 quokkas
  A frilled lizard (D:5)
  8 kobolds
  A leopard gecko skeleton (D:7)
  14 rats
222 creatures vanquished.

Notes
Turn   | Place    | Note
-------+----------+-------------------------------------------
     0 | D:1      | FishyPogo the Gnoll Fighter began the quest for the Orb.
     0 | D:1      | Reached XP level 1. HP: 23/23 MP: 1/1
     6 | D:1      | Reached XP level 2. HP: 23/29 MP: 2/2
   101 | D:3      | Reached XP level 3. HP: 25/35 MP: 3/3
   346 | D:4      | Reached skill level 1 in Short Blades
   346 | D:4      | Reached skill level 1 in Long Blades
   346 | D:4      | Reached skill level 1 in Maces & Flails
   346 | D:4      | Reached skill level 1 in Polearms
   346 | D:4      | Reached skill level 1 in Staves
   346 | D:4      | Reached skill level 1 in Slings
   346 | D:4      | Reached skill level 1 in Bows
   346 | D:4      | Reached skill level 1 in Crossbows
   346 | D:4      | Reached skill level 1 in Throwing
   346 | D:4      | Reached skill level 1 in Dodging
   346 | D:4      | Reached skill level 1 in Stealth
   346 | D:4      | Reached skill level 1 in Unarmed Combat
   346 | D:4      | Reached skill level 1 in Spellcasting
   346 | D:4      | Reached skill level 1 in Invocations
   346 | D:4      | Reached skill level 1 in Evocations
   346 | D:4      | Reached XP level 4. HP: 39/41 MP: 3/5
   457 | D:3      | Reached skill level 1 in Conjurations
   457 | D:3      | Reached skill level 1 in Hexes
   457 | D:3      | Reached skill level 1 in Charms
   457 | D:3      | Reached skill level 1 in Summonings
   457 | D:3      | Reached skill level 1 in Necromancy
   457 | D:3      | Reached skill level 1 in Translocations
   457 | D:3      | Reached skill level 1 in Transmutations
   457 | D:3      | Reached skill level 1 in Fire Magic
   457 | D:3      | Reached skill level 1 in Ice Magic
   457 | D:3      | Reached skill level 1 in Air Magic
   457 | D:3      | Reached skill level 1 in Earth Magic
   457 | D:3      | Reached skill level 1 in Poison Magic
   478 | D:3      | Found a glowing drain.
   489 | Sewer    | Entered a sewer
   528 | Sewer    | Noticed a big kobold
   544 | Sewer    | Killed a big kobold
   544 | Sewer    | Reached XP level 5. HP: 46/47 MP: 5/7
   608 | Sewer    | Noticed a big kobold
   626 | Sewer    | Killed a big kobold
   626 | Sewer    | Reached XP level 6. HP: 53/53 MP: 8/8
   759 | Sewer    | Reached skill level 5 in Axes
   819 | Sewer    | Reached XP level 7. HP: 59/59 MP: 10/10
  1287 | D:4      | Noticed Blork the orc
  1297 | D:4      | Killed Blork the orc
  1516 | D:4      | Found a bloodstained altar of Trog.
  1548 | D:4      | Became a worshipper of Trog the Wrathful
  1592 | D:3      | Noticed Terence
  1599 | D:3      | Killed Terence
  1697 | D:3      | Noticed Natasha
  1709 | D:3      | Killed Natasha
  1716 | D:3      | Found a shattered altar of Ashenzari.
  1952 | D:2      | Reached * piety under Trog
  2402 | D:1      | Reached XP level 8. HP: 67/67 MP: 12/12
  2671 | D:2      | Found a basalt altar of Yredelemnul.
  2672 | D:2      | Found an ancient bone altar of Kikubaaqudgha.
  2673 | D:2      | Found an iron altar of Okawaru.
  2673 | D:2      | Found a radiant altar of Vehumet.
  2674 | D:2      | Found a stormy altar of Qazlal.
  2845 | D:2      | Reached ** piety under Trog
  2975 | D:2      | Found a runed translucent door.
  2976 | D:2      | Noticed Crazy Yiuf
  2985 | D:2      | Killed Crazy Yiuf
  3178 | D:3      | Noticed Robin
  3189 | D:3      | Killed Robin
  3274 | D:3      | Noticed Natasha
  3280 | D:3      | Killed Natasha
  3414 | D:3      | Noticed Natasha
  3421 | D:3      | Killed Natasha
  3555 | D:5      | Entered Level 5 of the Dungeon
  3615 | D:5      | Found Ryjeod's Book Emporium.
  3764 | D:5      | Noticed Pikel
  3858 | D:5      | Killed Pikel
  4052 | D:5      | Found a staircase to the Ecumenical Temple.
  4072 | D:5      | Reached XP level 9. HP: 71/72 MP: 14/14
  4527 | D:6      | Found a runed translucent door.
  4528 | D:6      | Noticed Jynx's ghost (novice MiFi)
  4608 | D:6      | Found Jitopn's Distillery.
  4616 | D:6      | Bought a potion of degeneration for 12 gold pieces
  4928 | D:6      | Found a hide-covered altar of Uskayaw.
  4929 | D:6      | Found a white marble altar of Elyvilon.
  5315 | D:7      | Reached *** piety under Trog
  5533 | D:7      | Reached skill level 5 in Invocations
  6231 | D:8      | Reached XP level 10. HP: 79/80 MP: 17/17
  6914 | D:8      | Noticed Grum
  6921 | D:8      | Received a gift from Trog
  6942 | D:8      | HP: 2/80 [Grum/+1 spear of piercing (11)]
  6948 | D:8      | Killed Grum
  6948 | D:8      | Reached skill level 5 in Short Blades
  6948 | D:8      | Reached skill level 5 in Long Blades
  6948 | D:8      | Reached skill level 5 in Maces & Flails
  6948 | D:8      | Reached skill level 5 in Polearms
  6948 | D:8      | Reached skill level 5 in Staves
  6948 | D:8      | Reached skill level 5 in Slings
  6948 | D:8      | Reached skill level 5 in Bows
  6948 | D:8      | Reached skill level 5 in Crossbows
  6948 | D:8      | Reached skill level 5 in Throwing
  6948 | D:8      | Reached skill level 5 in Dodging
  6948 | D:8      | Reached skill level 5 in Stealth
  6948 | D:8      | Reached skill level 5 in Unarmed Combat
  6948 | D:8      | Reached skill level 5 in Spellcasting
  6948 | D:8      | Reached skill level 5 in Evocations
  7060 | D:8      | Found an opulent altar of Gozag.
  7480 | D:9      | Noticed Prince Ribbit
  7545 | D:9      | Found a staircase to the Lair.
  7598 | D:9      | Slain by an ice beast

Levels and vault maps discovered:
D:1:      onia_arrival_handbag, layout_basic, hangedman_decor_diamond_cutter
D:2:      layout_basic, grunt_temple_overflow_open, first_ration,
          minmay_statues_item, uniq_crazy_yiuf_cottage
D:3:      layout_loops_ring, lemuel_round_altar, gup_sewer_entry_pipe,
          chequers_avenue, minmay_misc_feat_ornament, minmay_joined_circles,
          uniq_robin, uniq_natasha, uniq_terence
D:4:      layout_basic, kennysheep_little_box, small_statue_intersection,
          uniq_blork_the_orc
D:5:      layout_cave_pools, minmay_temple_entry_antechambers, serial_shops,
          shop, serial_column_ruins, column_ruins_square_large,
          column_ruins_corridor_T, column_ruins_grid_4,
          column_ruins_corridor_corner, column_ruins_columns_straight,
          uniq_pikel
D:6:      layout_loops_ring, minitemple, serial_shops, shop,
          ebering_ghost_reflecting_pool, hangedman_decor_lopped
D:7:      layout_basic
D:8:      layout_layer_cave, nicolae_gozag_seed_capital, uniq_grum
D:9:      layout_basic, lemuel_coloured_pillars_altar, marbit_many_paths,
          dpeg_oklobed_lair, uniq_prince_ribbit1, uniq_maurice

Skill      XL: |  1  2  3  4  5  6  7  8  9 10 |
---------------+-------------------------------+-----
Short Blades   | 1 2 3 4 5 |  5.1
Long Blades    | 1 2 3 4 5 |  5.1
Maces & Flails | 1 2 3 4 5 |  5.1
Polearms       | 1 2 3 4 5 |  5.1
Staves         | 1 2 3 4 5 |  5.1
Slings         | 1 2 3 4 5 |  5.1
Bows           | 1 2 3 4 5 |  5.1
Crossbows      | 1 2 3 4 5 |  5.1
Throwing       | 1 2 3 4 5 |  5.1
Dodging        | 1 2 3 4 5 |  5.1
Stealth        | 1 2 3 4 5 |  5.1
Unarmed Combat | 1 2 3 4 5 |  5.1
Spellcasting   | 1 2 3 4 5 |  5.1
Invocations    | 1 2 3 4 5 |  5.6
Evocations     | 1 2 3 4 5 |  5.1
Conjurations   | 1 2 3 4 |  4.2
Hexes          | 1 2 3 4 |  4.2
Charms         | 1 2 3 4 |  4.2
Summonings     | 1 2 3 4 |  4.2
Necromancy     | 1 2 3 4 |  4.2
Translocations | 1 2 3 4 |  4.2
Transmutations | 1 2 3 4 |  4.2
Fire Magic     | 1 2 3 4 |  4.2
Ice Magic      | 1 2 3 4 |  4.2
Air Magic      | 1 2 3 4 |  4.2
Earth Magic    | 1 2 3 4 |  4.2
Poison Magic   | 1 2 3 4 |  4.2
Axes           | 5 6 |  6.9
Fighting       | 7 8 |  8.4
Armour         | 7 8 |  8.4
Shields        | 7 8 |  8.4

Action                   |  1- 3 |  4- 6 |  7- 9 | 10-12 || total
-------------------------+-------+-------+-------+-------++-------
Melee: War axe           |    30 |       |       |       ||    30
       Bite              |     5 |     9 |   101 |    22 ||   137
       Hand axe          |    10 |   114 |   697 |   166 ||   987
Throw: Stone             |       |       |     1 |     5 ||     6
       Dart              |       |       |       |     5 ||     5
Invok: Berserk           |       |       |     1 |     1 ||     2
  Use: Scroll            |       |       |     1 |     2 ||     3
       Potion            |       |       |       |     4 ||     4
 Stab: Distracted        |     1 |       |       |       ||     1
       Sleeping          |       |       |    15 |     4 ||    19
  Eat: Chunk             |       |       |    20 |     5 ||    25
Armor: Scale mail        |    18 |    16 |    54 |       ||    88
       Leather armour    |       |       |   121 |    32 ||   153
Dodge: Dodged            |     8 |    29 |   221 |    70 ||   328
Block: Shield            |    20 |    39 |   377 |    85 ||   521
